 Dungeon Crawl Stone Soup version 0.25-a0-1071-g2607d5cfa1 (webtiles) character file.

Game seed: 14270226208998224084, levelgen mode: deterministic

438 Gumption the Chiller (level 7, -1/51 HPs)
             Began as a Merfolk Ice Elementalist on May 12, 2020.
             Slain by Crazy Yiuf
             ... wielding a +4 quarterstaff of chaos
              (4 damage)
             ... on level 5 of the Dungeon on May 14, 2020.
             The game lasted 01:12:58 (6759 turns).

Gumption the Chiller (Merfolk Ice Elementalist)     Turns: 6759, Time: 01:12:59

Health: -1/51      AC:  5    Str:  8    XL:     7   Next: 1%
Magic:  10/12      EV: 18    Int: 17    God:
Gold:   264        SH:  0    Dex: 14    Spells: 5/12 levels left

rFire    . . .     SeeInvis .   b - +0 hunting sling
rCold    + . .     Gourm    .   (no shield)
rNeg     . . .     Faith    .   s - +0 leather armour
rPois    .         Spirit   .   m - +0 helmet
rElec    .         Reflect  .   (no cloak)
rCorr    .         Harm     .   (no gloves)
MR       .....                  t - +0 pair of boots
Stlth    +++.......             (no amulet)
HPRegen  0.17/turn              l - ring of stealth
MPRegen  0.13/turn              q - ring of protection from cold

@: agile
A: change form in water, swift swim, stealthy swim
a: no special abilities


You were on level 5 of the Dungeon.
You were hungry.

You visited 1 branch of the dungeon, and saw 5 of its levels.

You collected 264 gold pieces.

Inventory:

Hand Weapons
 a - a +0 whip of draining
 b - a +0 hunting sling (weapon)
 u - a +2 antimagic scythe
 y - a +0 spear
 z - a +0 halberd
 B - a +2 vampiric halberd
Missiles
 c - 221 stones
 d - 22 poisoned darts (quivered)
 j - 6 boomerangs
 v - 7 datura-tipped darts
 x - 33 sling bullets
Armour
 g - a +0 scale mail
 i - a +0 kite shield
 m - a +0 helmet (worn)
 r - a +0 ring mail
 s - a +0 leather armour (worn)
 t - a +0 pair of boots (worn)
Jewellery
 l - a ring of stealth (left hand)
 o - an uncursed amulet of faith
 q - a ring of protection from cold (right hand)
 F - an uncursed ring of ice
Wands
 k - a wand of clouds (7)
Scrolls
 n - 5 scrolls of remove curse
 A - a scroll of teleportation
 E - a scroll of fear
Potions
 f - a potion of mutation
 h - 2 potions of haste {unknown}
 p - 3 potions of curing
 w - a potion of cancellation {unknown}
 D - a potion of berserk rage {unknown}
Comestibles
 e - 6 rations


   Skills:
 + Level 2.8 Fighting
 + Level 1.6 Polearms
 + Level 4.5 Dodging
 - Level 2.1 Stealth
 + Level 3.3 Spellcasting
 + Level 2.1 Charms
 * Level 6.2 Ice Magic


You had 5 spell levels left.
You knew the following spells:

 Your Spells              Type           Power        Failure   Level  Hunger
a - Freeze                Ice            ###.         1%          1    None
b - Frozen Ramparts       Ice            ###...       5%          3    ###....
c - Ozocubu's Armour      Chrm/Ice       ###.....     13%         3    ###....

Your spell library contained the following spells:

 Spells                   Type           Power        Failure   Level  Hunger
 Hailstorm                Conj/Ice       ##......     56%         4    ####...
 Summon Ice Beast         Ice/Summ       ##......     56%         4    ####...


Dungeon Overview and Level Annotations

Branches:
Dungeon (5/15)
 Temple: D:4-7

Altars:
Trog

Annotations:
D:5 Crazy Yiuf


Message History

Crazy Yiuf misses you.
Casting: Freeze (safe; 1% risk of failure)
Confirm with . or Enter, or press ? or * to list all spells.
Okay, then.
Casting: Freeze (safe; 1% risk of failure)
Confirm with . or Enter, or press ? or * to list all spells.
There are no walls around you to affect.
Casting: Frozen Ramparts (dangerous; 5% risk of failure)
Confirm with . or Enter, or press ? or * to list all spells.
Aiming: Freeze (safe; 1% risk of failure)
Press: ? - help, Shift-Dir - straight line, f/p - Crazy Yiuf
Aim: Crazy Yiuf, wielding a +4 quarterstaff of chaos and wearing a +1 cloak (moderately wounded, fast, strong, frenzied and insane)
You freeze Crazy Yiuf!
Crazy Yiuf is heavily wounded.
Crazy Yiuf hits you with a +4 quarterstaff of chaos!
* * * LOW HITPOINT WARNING * * *
You are electrocuted!
* * * LOW HITPOINT WARNING * * *
Crazy Yiuf hits you with a +4 quarterstaff of chaos.
You die...

### ##.## ##### ###
♣♣####^#.## ....#
#)..#♣♣ ♣♣..#..###.##
....#
#..('.♣♣♣♣P.....# ##.#
....##
#...#♣..♣@g....(###.##
.....# ###
♣♣♣.♣.P.###(#.##
....># ♣♣♣♣♣## ##.##
....## #.#####
....#### #.....#
.#####.# #####.# .##
##.########## #.#
#.###...........# #.#
##÷..##########.# #.#


You could see the neutral Crazy Yiuf (fast, strong, insane).

Vanquished Creatures
  An ice beast (D:5)
  A hound (D:5)
  A bullfrog skeleton (D:3)
  A centaur skeleton (D:5)
  A worker ant (D:5)
  4 gnolls
  8 adders
  3 oozes
  A worm (D:2)
  4 dart slugs
  7 leopard geckos
  3 orcs (D:3)
  3 giant cockroaches
  12 goblins
  11 hobgoblins
  5 quokkas
  2 ball pythons
  5 bats
  7 frilled lizards
  8 kobolds
  A leopard gecko skeleton (D:5)
  8 rats
97 creatures vanquished.

Notes
Turn   | Place    | Note
-------+----------+-------------------------------------------
     0 | D:1      | Gumption the Merfolk Ice Elementalist began the quest for
                  | the Orb.
     0 | D:1      | Reached XP level 1. HP: 13/13 MP: 3/3
   450 | D:1      | Reached XP level 2. HP: 20/20 MP: 1/5
  1039 | D:1      | Reached skill level 1 in Fighting
  1233 | D:1      | Reached XP level 3. HP: 26/26 MP: 4/6
  1341 | D:1      | Learned a level 3 spell: Frozen Ramparts
  1882 | D:2      | Reached skill level 5 in Ice Magic
  2231 | D:2      | Reached XP level 4. HP: 32/32 MP: 5/7
  2447 | D:2      | Learned a level 3 spell: Ozocubu's Armour
  3595 | D:3      | Reached XP level 5. HP: 16/38 MP: 7/9
  4173 | D:3      | Upgraded the game from 0.25-a0-1015-g4819203062 to
                  | 0.25-a0-1071-g2607d5cfa1
  4282 | D:3      | Reached skill level 1 in Charms
  5497 | D:4      | Found a bloodstained altar of Trog.
  5927 | D:3      | Reached XP level 6. HP: 36/45 MP: 6/10
  6057 | D:5      | Entered Level 5 of the Dungeon
  6280 | D:5      | Noticed an ice beast
  6283 | D:5      | Reached skill level 6 in Ice Magic
  6300 | D:5      | Killed an ice beast
  6300 | D:5      | Reached skill level 1 in Polearms
  6431 | D:5      | Reached XP level 7. HP: 50/51 MP: 10/12
  6736 | D:5      | Found a runed translucent door.
  6737 | D:5      | Noticed Crazy Yiuf
  6759 | D:5      | Slain by Crazy Yiuf

Illustrated notes

Levels and vault maps discovered:
D:1:      minmay_arrival_four_houses, layout_basic,
          hangedman_decor_clover_reticule
D:2:      layout_loops_ring, serial_rivers, chequers_serial_rivers_large_a,
          chequers_serial_rivers_micro_c, chequers_serial_rivers_room_a,
          chequers_serial_rivers_room_a, chequers_serial_rivers_marsh,
          st_stairs_8
D:3:      layout_basic, first_ration, guppyfry_early_orc_mine
D:4:      layout_gridville, trog_three_pillars_becter
D:5:      layout_loops_ring, minmay_temple_entry_butterflies, serial_shops,
          shop, ebering_dispersal_statue_hall, uniq_crazy_yiuf_cottage

Skill      XL: |  1  2  3  4  5  6 |
---------------+-------------------+-----
Dodging        | 3 4 |  4.5
Fighting       | 1 2 |  2.8
Ice Magic      | 5 6 |  6.2
Charms         | 1 2 |  2.1
Spellcasting   | 3 |  3.3
Polearms       | 1 |  1.6
Stealth        | |  2.1

Action                   |  1- 3 |  4- 6 |  7- 9 || total
-------------------------+-------+-------+-------++-------
Melee: Unarmed           |     5 |       |       ||     5
       Whip              |    20 |    46 |       ||    66
 Fire: Hunting sling     |    18 |   129 |       ||   147
Throw: Stone             |    32 |       |       ||    32
       Boomerang         |     1 |       |       ||     1
       Dart              |       |       |     3 ||     3
 Cast: Freeze            |    36 |    42 |     2 ||    80
       Frozen Ramparts   |     1 |     3 |       ||     4
  Use: Scroll            |       |     8 |       ||     8
 Stab: Sleeping          |     2 |       |       ||     2
  Eat: Chunk             |     5 |    10 |       ||    15
       Ration            |       |     1 |       ||     1
Armor: Robe              |     7 |    15 |       ||    22
       Leather armour    |       |    18 |       ||    18
Dodge: Dodged            |    28 |    66 |     5 ||    99

Table legend:
 A = Non-vault XP
 B = Vault XP
 C = Vault XP percentage of total XP
 D = Non-vault monster count
 E = Vault monster count
 F = Vault count percentage of total count
                 A         B        C        D         E       F
            +---------+---------+-------+---------+---------+-------
      Total |     607 |      20 |   3.2 |      89 |       8 |   8.2
            +---------+---------+-------+---------+---------+-------
        D:1 |      43 |       0 |   0.0 |      23 |       0 |   0.0
        D:2 |      92 |       3 |   3.2 |      32 |       1 |   3.0
        D:3 |     138 |      17 |  11.0 |      20 |       7 |  25.9
        D:4 |      63 |       0 |   0.0 |       7 |       0 |   0.0
        D:5 |     271 |       0 |   0.0 |       7 |       0 |   0.0
            +---------+---------+-------+---------+---------+-------
